 Dungeon Crawl Stone Soup version 0.17-a0-1403-g9df874c (webtiles) character file.

86 urechis the Skirmisher (level 4, -1/33 HPs)
             Began as an Octopode Fighter on June 20, 2015.
             Slain by Sigmund
             ... wielding a +0 scythe
              (11 damage)
             ... on level 2 of the Dungeon.
             The game lasted 00:02:46 (1483 turns).

urechis the Skirmisher (Octopode Fighter)           Turns: 1483, Time: 00:02:46

Health: -1/33      AC:  1    Str: 15    XL:     4   Next: 49%
Magic:  4/4        EV: 10    Int: 10    God:
Gold:   90         SH:  8    Dex: 12    Spells: 0 memorised, 3 levels left

rFire  . . .     SeeInvis .     a - +0 long sword
rCold  . . .     Clarity  .     b - +0 shield
rNeg   . . .     SustAt   .     (helmet restricted)
rPois  .         Gourm    .     (no amulet)
rElec  .         Spirit   .     (no ring)
rCorr  .         Warding  .     (no ring)
rMut   .         Stasis   .     (no ring)
MR     .....                    (no ring)
Stlth  ++........               (no ring)
                                (no ring)
                                (no ring)
                                (no ring)

@: not resistant to hostile enchantments, unstealthy
A: almost no armour, amphibious, 8 rings, constrict 8, camouflage 1, gelatinous
body 1
a: no special abilities


You were on level 2 of the Dungeon.
You were not hungry.

You visited 1 branch of the dungeon, and saw 2 of its levels.

You collected 90 gold pieces.

Inventory:

Hand weapons
 a - a +0 long sword (weapon)
Armour
 b - a +0 shield (worn)
Scrolls
 e - a scroll of identify {unknown}
 j - a scroll of random uselessness {unknown}
 k - a scroll of enchant armour {unknown}
Potions
 c - a potion of might
 g - a potion of mutation {unknown}
 h - a potion of lignification {unknown}
 m - 2 potions of degeneration {unknown}
Comestibles
 d - a bread ration
 f - 2 meat rations
 i - a slice of pizza
 l - a chunk of flesh
 n - a royal jelly


   Skills:
 + Level 4.1 Fighting
 + Level 3.6 Long Blades
 - Level 3.0 Dodging
 - Level 3.0 Shields


You had 3 spell levels left.
You didn't know any spells.

Dungeon Overview and Level Annotations

Branches:
Dungeon (2/15)

Altars:
Ashenzari

Annotations:
D:2 Natasha, Sigmund


Innate Abilities, Weirdness & Mutations

You cannot wear most types of armour.
You are amphibious.
You can wear up to eight rings at the same time.
You can use your tentacles to constrict eight enemies at once.
Your skin changes colour to match your surroundings (Stealth).
Your rubbery body absorbs attacks (AC +1).


Message History

The helpless giant newt fails to defend itself.
You hit the giant newt.
You kill the giant newt!
No target in view!
No target in view!
No target in view!
No target in view!
No target in view!
Sigmund shouts!
Sigmund points at you and mumbles some strange words.
The puff of flame hits you! Sigmund hits you with a scythe.
You barely miss Sigmund. Your grab misses Sigmund.
Sigmund gestures wildly while chanting.
Sigmund flickers and vanishes!
Deactivating autopickup; reactivate with Ctrl-A.
You miss something. Something hits you.
You miss something. You squeeze something. Something hits you!
You miss something. Something hits you!
You die...

#.#.###.# #.... #.#.# #.#
#.##. #.#.# #.#####.##.
#.#.###.......##.
#.#.........###..
#.#.........#.... #.....#
#.##.######.#.##.
.....########.##.# #......##.
...........{@.##.###.##.####.
.h..##########.#)##.##.# #.
... ##.###..#.#.# #. #.#
#.####.###..# #. #@#
##.##.#####.## #. #.##
#...###.###.# #. #..#
#.#..#.#.#.## #. ##.#
#.###.###..# #. #.# #.##.##
##.# #.


There were no monsters in sight!

Vanquished Creatures
  Natasha (D:2)
  3 adders (D:2)
  A worm (D:2)
  A ball python (D:2)
  3 giant cockroaches (D:1)
  5 goblins
  6 hobgoblins
  2 jackals (D:1)
  3 bats (D:1)
  3 giant newts (D:2)
  3 kobolds
  A quokka (D:2)
  4 rats
36 creatures vanquished.

Notes
Turn   | Place    | Note
--------------------------------------------------------------
     0 | D:1      | urechis the Octopode Fighter began the quest for the Orb.
     0 | D:1      | Reached XP level 1. HP: 16/16 MP: 1/1
   312 | D:1      | Reached XP level 2. HP: 21/21 MP: 2/2
   817 | D:2      | Reached XP level 3. HP: 19/26 MP: 3/3
   876 | D:2      | Found a shattered altar of Ashenzari.
   883 | D:2      | Noticed Natasha
   889 | D:2      | Killed Natasha
   889 | D:2      | Reached XP level 4. HP: 7/33 MP: 4/4
  1265 | D:2      | Noticed Natasha
  1266 | D:2      | Noticed Sigmund
  1313 | D:1      | Reached skill level 4 in Fighting
  1483 | D:2      | Slain by Sigmund

Vault maps used:
D:1:      dpeg_arrival_castle
D:2:      lemuel_doored_altar, uniq_sigmund, uniq_natasha

Action                   |  1- 3 |  4- 6 || total
-------------------------+-------+-------++-------
Melee: Long sword        |    49 |    24 ||    73
 Stab: Sleeping          |     7 |     5 ||    12
  Eat: Chunk             |       |     2 ||     2
